 Dungeon Crawl Stone Soup version 0.29-a0-338-g1ff7896281 (webtiles) character file.

Game seed: 3188014687165764569

115 ObtusePanda the Skirmisher (level 5, -3/63 HPs)
             Began as a Human Berserker on Apr 18, 2022.
             Was a Believer of Trog.
             Slain by a sky beast (6 damage)
             ... on level 3 of the Dungeon.
             The game lasted 00:12:25 (2831 turns).

ObtusePanda the Skirmisher (Human Berserker)        Turns: 2831, Time: 00:12:25

Health: -3/63      AC:  2    Str: 19    XL:     5   Next: 20%
Magic:  14/14      EV: 13    Int:  7    God:    Trog [**....]
Gold:   197        SH:  0    Dex: 13    Spells: 4/4 levels left

rFire   . . .      SeeInvis .   p - +0 long sword
rCold   . . .      Faith    .   (no shield)
rNeg    . . .      Spirit   .   b - +0 animal skin
rPois   .          Reflect  .   (no helmet)
rElec   .          Harm     .   (no cloak)
rCorr   .          Rampage  .   (no gloves)
Will    +++..                   (no boots)
Stlth   ..........              (no amulet)
HPRegen 1.20/turn               l - ring of willpower
MPRegen 0.14/turn               i - ring of magical power

@: berserking, strong-willed (expiring), regenerating (expiring), very quick
A: no striking features
a: Renounce Religion, Berserk, Trog's Hand


You were on level 3 of the Dungeon.
You worshipped Trog.
Trog was pleased with you.
You visited 1 branch of the dungeon, and saw 3 of its levels.

You collected 197 gold pieces.

Inventory:

Hand Weapons
 a - a +0 falchion
 p - a +0 long sword (weapon)
Armour
 b - a +0 animal skin (worn)
Jewellery
 d - a ring of wizardry
 i - a ring of magical power (right hand)
 l - a ring of willpower (left hand)
Scrolls
 c - a scroll of vulnerability {unknown}
 f - 3 scrolls of identify {unknown}
 g - 2 scrolls of amnesia {unknown}
 j - 2 scrolls of silence {unknown}
 k - 2 scrolls of teleportation {unknown}
 m - a scroll of noise {unknown}
 n - a scroll of brand weapon {unknown}
 o - a scroll of summoning {unknown}
Potions
 e - a potion of invisibility {unknown}
 h - a potion of lignification


   Skills:
 * Level 3.9 Fighting
 * Level 3.9 Long Blades
 - Level 2.0 Armour
 * Level 3.2 Dodging


You had 4 spell levels left.
You didn't know any spells.
Your spell library was empty.

Dungeon Overview and Level Annotations

Branches:
Dungeon (3/15)

Altars:

Shops:
D:3 (


Message History

The hobgoblin is moderately wounded.
The hobgoblin barely misses you.
You slash the hobgoblin!
You kill the hobgoblin!
Trog accepts your kill.
No target in view!
A sky beast comes into view.
You closely miss the sky beast.
The sky beast flickers out of sight!
Deactivating autopickup; reactivate with Ctrl-A.
Something barely misses you. Something hits you. Something shocks you.
Okay, then.
Your skin crawls.
You feel strong-willed. Something barely misses you.
A red film seems to cover your vision as you go berserk!
You feel yourself moving faster!
You feel mighty! Something hits you but does no damage.
You closely miss something. You miss something. Something hits you.
Something shocks you.
You hit something. Something hits you. Something shocks you.
You miss something. Something hits you but does no damage.
You miss something. You miss something. Something hits you.
Something shocks you.
You closely miss something. Something hits you. Something shocks you.
You closely miss something.
You feel the effects of Trog's Hand fading.
Something hits you.
* * * LOW HITPOINT WARNING * * *
Something shocks you.
* * * LOW HITPOINT WARNING * * *
You closely miss something. Something hits you.
* * * LOW HITPOINT WARNING * * *
Something shocks you.
* * * LOW HITPOINT WARNING * * *
You are too berserk!
You hit something. You barely miss something. Something hits you.
* * * LOW HITPOINT WARNING * * *
Something shocks you.
You die...

##. #.. #
#.. ). #..
..
#..######.#
#........
#.#{##.#
#..@...#
######.#
#.# #.# #.#
##.# #..#
#.## .# #.#
.#


There were no monsters in sight!

Vanquished Creatures
  4 gnolls (D:3)
  An adder (D:2)
  A worm (D:3)
  2 dart slugs
  2 bats (D:2)
  6 endoplasms
  A giant cockroach (D:3)
  5 goblins
  9 hobgoblins
  3 jackals (D:3)
  2 kobolds
  3 quokkas
  8 ball pythons
  3 frilled lizards
  4 rats
54 creatures vanquished.

Vanquished Creatures (others)
  5 plants (D:3)
5 creatures vanquished.

Grand Total: 59 creatures vanquished

Notes
Turn   | Place    | Note
-------+----------+-------------------------------------------
     0 | D:1      | ObtusePanda the Human Berserker began the quest for the
                  | Orb.
     0 | D:1      | Reached XP level 1. HP: 18/18 MP: 1/1
   457 | D:1      | Reached XP level 2. HP: 19/24 MP: 2/2
   865 | D:1      | Reached XP level 3. HP: 22/29 MP: 3/3
  1532 | D:2      | Found a faded altar of an unknown god.
  1858 | D:2      | Reached XP level 4. HP: 24/35 MP: 4/4
  2499 | D:3      | Reached XP level 5. HP: 37/42 MP: 5/5
  2511 | D:3      | Reached ** piety under Trog
  2765 | D:3      | Found Ujyrac's Antique Weapon Boutique.
  2816 | D:3      | Noticed a sky beast
  2831 | D:3      | HP: 3/63 [something (3)]
  2831 | D:3      | Slain by a sky beast

Illustrated notes

Levels and vault maps discovered:
D:1:      nagdon_arrival_double_spiral, layout_loops_ring,
          minmay_misc_feat_rugged
D:2:      layout_loops_corners, chequers_ecumenical_altar_lobes,
          minmay_tetromino_i4
D:3:      minmay_chambers_of_twos, layout_loops_ring,
          mainiacjoe_overflow_24_doors, serial_shops, nicolae_lakefront_shop,
          nicolae_shop_overgrown_old_shop, corexii_corridor_pit,
          nrook_mini_vaults, uniq_sigmund

Skill      XL: |  1  2  3  4 |
---------------+-------------+-----
Dodging        | 3 |  3.2
Fighting       | |  3.9
Long Blades    | |  3.9
Armour         | |  2.0

Action                   |  1- 3 |  4- 6 || total
-------------------------+-------+-------++-------
Melee: Falchion          |    98 |    56 ||   154
       Long sword        |       |    18 ||    18
       Punch             |       |     1 ||     1
Invok: Berserk           |     3 |     2 ||     5
       Trog's Hand       |       |     1 ||     1
  Use: Potion            |     2 |       ||     2
 Stab: Distracted        |       |     1 ||     1
Armor: Animal skin       |    23 |     4 ||    27
Dodge: Dodged            |    54 |    39 ||    93

Table legend: (Time is in decaauts)
 A = Elapsed time spent in this place.
 B = Non-inter-level travel time spent in this place.
 C = Inter-level travel time spent in this place.
 D = Time resting spent in this place.
 E = Time spent auto-exploring this place.
 F = Levels seen in this place.
 G = Mean time per level.
                   A        B        C        D        E       F      G
               +--------+--------+--------+--------+--------+-----+--------+
         Total |   2878 |   2793 |     85 |    470 |   1246 |   3 |  959.3 |
       Dungeon |   2878 |   2793 |     85 |    470 |   1246 |   3 |  959.3 |
               +--------+--------+--------+--------+--------+-----+--------+

Top non-repeatable levels by time:
     D:1: 1180 daAuts
     D:2: 1104 daAuts
     D:3: 593 daAuts
